AoeStats
← おに惨

Yucatan

510282656Analyzed
4v4 RM · 18h ago on Sep 30, 2026· 38m 46s· 8 players
Game mode
Random Map
Map size
Large (8 player)
Population
200
Speed
Normal
Resources
Standard
Victory
Conquest
Starting age
Dark Age
Ending age
Imperial Age
RankedLock teamsTeams togetherTeam positionsShared explorationLock speedFull tech treeHidden civsTurbo modeCheats
Victory
Defeat
🇭🇰 Persians · Hong Kong SAR China
543
+15
🇮🇳 Japanese · India
447
+19
🇹🇷 Mongols · Türkiye
444
+19
🇨🇳 Celts · China
441
+19
🇬🇧 Inca · United Kingdom
535
-18
🇫🇷 Romans · France
518
-18
🇩🇪 Teutons · Germany
504
-18
🇺🇦 Bulgarians · Ukraine
502
-18
KickAss
16:35 Feudal Age
17:13 Double-Bit Axe
21:21 Horse Collar
22:24 Padded Archer Armor
22:14 Fletching
25:16 Castle Age
27:19 Pikeman
28:00 Squires
27:46 Arson
28:26 Scale Mail Armor
33:05 Bow Saw
40:25 Imperial Age
38:15 Leather Archer Armor
baby
1:13 Loom
13:20 Feudal Age
20:19 Castle Age
20:38 Horse Collar
20:51 Double-Bit Axe
21:40 Pikeman
23:30 Man-at-Arms
26:24 Bow Saw
28:19 Caravan
32:35 Heavy Plow
36:27 Wheelbarrow
38:07 Hand Cart
李靖
2:36 Loom
11:06 Feudal Age
15:24 Castle Age
15:17 Double-Bit Axe
17:17 Bow Saw
19:51 Horse Collar
23:33 Gold Mining
23:33 Stone Mining
23:57 Town Watch
24:57 Wheelbarrow
26:23 Gold Shaft Mining
26:23 Stone Shaft Mining
26:23 Gold Shaft Mining
26:29 Stone Shaft Mining
28:19 Heavy Plow
31:19 Imperial Age
29:09 Forging
29:06 Scale Barding Armor
29:24 Nomads
30:45 Iron Casting
30:01 Fletching
30:11 Padded Archer Armor
30:57 Bloodlines
30:47 Husbandry
30:08 Light Cavalry
30:59 Thumb Ring
31:18 Chain Barding Armor
31:34 Hand Cart
31:26 Town Patrol
31:37 Capped Ram
32:54 Drill
32:03 Elite Steppe Lancer
34:50 Chemistry
33:19 Siege Ram
36:35 Blast Furnace
35:31 Bodkin Arrow
35:52 Leather Archer Armor
35:51 Elite Mangudai
36:52 Conscription
38:10 Bracer
38:01 Arson
38:17 Squires
38:45 Parthian Tactics
38:44 Heavy Camel Rider
38:45 Cavalier
38:46 Hussar
おに惨
1:17 Loom
18:58 Feudal Age
20:09 Feudal Age
20:15 Feudal Age
27:28 Wheelbarrow
26:39 Town Watch
30:08 Castle Age
29:20 Forging
29:01 Fletching
33:16 Stronghold
33:51 Murder Holes
34:17 Ballistics
iFeeZ__Sigtryggr
12:33 Feudal Age
17:23 Horse Collar
17:35 Double-Bit Axe
19:44 Gold Mining
19:48 Stone Mining
22:51 Castle Age
25:15 Man-at-Arms
Deman501
9:01 Loom
12:31 Feudal Age
12:57 Horse Collar
13:06 Double-Bit Axe
16:49 Wheelbarrow
22:43 Castle Age
25:43 Hand Cart
25:40 Bow Saw
25:33 Heavy Plow
25:26 Gold Mining
27:49 Light Cavalry
28:30 Husbandry
31:38 Coinage
35:53 Imperial Age
Leggy Mountbatten
0:34 Loom
11:15 Feudal Age
18:49 Castle Age
17:18 Horse Collar
17:24 Double-Bit Axe
18:24 Gold Mining
18:29 Stone Mining
19:59 Heavy Plow
21:08 Bow Saw
24:01 Caravan
24:25 Arson
33:05 Gold Shaft Mining
34:59 Squires
36:33 Squires
35:54 Pikeman
37:59 Town Watch
Bertl
2:07 Loom
15:45 Feudal Age
17:19 Wheelbarrow
16:27 Horse Collar
16:34 Double-Bit Axe
16:52 Gold Mining
17:28 Bloodlines
19:23 Scale Barding Armor
19:28 Forging
20:18 Man-at-Arms
22:39 Scale Mail Armor
26:54 Castle Age
27:12 Long Swordsman
Connection lost

Rejoining the realm…

Still unreachable

The connection could not be restored.

Session expired

The server has moved on; the page needs a fresh start.